Map: Magma Mines

Players

Meister - Winner!

  • Race: Terran Terran
  • League: Master
  • Spawn Location: 11:00

Kyoto

  • Race: Protoss Protoss
  • League: Grandmaster
  • Spawn Location: 1:00

RondaRousey

  • Race: Terran Terran
  • Spawn Location: 3:00

KingKong - Winner!

  • Race: Protoss Protoss
  • Spawn Location: 9:00

VOD

Have the link to the VOD?

Description

Time

  • Played on: April 1, 2017, 10:59 p.m.
  • Length: 11:51
Show
View Real Time Build Order
Export as new Build Order

Meister Terran - Winner!

Build Orders: Reaper Expand, MMM Bio 

Get SALT Encoding   

  12  0:00  SCV  
  13  0:13  SCV  
  14  0:20  Supply Depot  
  14  0:25  SCV  
  15  0:42  SCV  
  16  0:43  Barracks  
  16  0:45  Refinery  
  16  0:54  SCV  
  17  1:07  SCV  
  18  1:19  SCV  
  19  1:30  Reaper  
  19  1:31  Orbital Command  
  20  1:41  Command Center  
  20  1:53  Barracks  
  20  2:02  SCV, Reaper  
  20  2:08  Supply Depot  
  22  2:16  SCV  
  22  2:22  Barracks  
  23  2:35  Barracks Reactor  
  23  2:36  SCV  
  24  2:38  Refinery  
  24  2:42  Marine  
  25  2:48  SCV  
  26  3:00  SCV, Marine  
  28  3:09  Marine  
  28  3:11  Barracks  
  28  3:12  SCV, Marine, Barracks  
  30  3:13  Marine  
  30  3:18  Marine  
  32  3:25  SCV  
  33  3:27  Marine  
  33  3:30  Marine  
  33  3:31  Marine  
  34  3:36  Marine  
  34  3:39  SCV  
  36  3:45  Marine  
  36  3:48  Marine  
  34  3:49  Marine  
  34  3:53  Marine  
  36  3:59  Marine x2  
  38  4:14  Orbital Command  
  38  4:19  Barracks Tech Lab x2  
  38  4:23  Supply Depot  
  38  4:26  Supply Depot  
  38  4:44  Marine x6, SCV, Stimpack  
  45  4:50  SCV  
  46  4:53  Refinery  
  46  4:56  SCV  
  46  4:57  Combat Shields  
  46  5:02  SCV, Marine x6  
  53  5:09  SCV  
  54  5:18  Supply Depot  
  54  5:29  Supply Depot  
  54  5:39  SCV  
  54  5:41  Marine  
  55  5:44  Barracks Reactor  
  55  5:45  SCV  
  55  5:46  Factory  
  56  5:51  Engineering Bay  
  56  5:52  SCV  
  56  5:56  Refinery  
  57  5:57  SCV  
  57  5:59  Marine  
  57  6:03  Marine x2  
  57  6:04  SCV  
  62  6:09  SCV  
  63  6:19  SCV  
  63  6:20  Missile Turret  
  63  6:23  SCV  
  63  6:25  Marine x3, Missile Turret  
  68  6:27  Supply Depot  
  68  6:28  Marine  
  69  6:33  Starport  
  69  6:37  Factory Reactor  
  69  6:38  SCV  
  70  6:43  Supply Depot  
  70  6:48  Marine x4  
  70  6:49  SCV  
  70  6:52  Marine x2  
  70  6:53  Marine  
  78  7:02  Supply Depot  
  78  7:03  Supply Depot  
  78  7:05  Terran Infantry Weapons Level 1  
  78  7:06  Marine x2  
  78  7:07  Marine  
  81  7:08  Marine  
  82  7:22  Barracks Reactor  
  81  7:27  Medivac x2  
  85  7:38  Command Center  
  85  7:39  SCV  
  85  7:42  Barracks Reactor, Marine x4  
  91  7:45  Engineering Bay  
  91  7:46  SCV  
  92  7:51  SCV  
  92  8:00  Marine  
  92  8:04  Marine x2  
  95  8:10  Marine  
  95  8:12  Siege Tank, Marine  
  99  8:14  SCV  
  101  8:21  Supply Depot  
  101  8:22  Supply Depot, Terran Infantry Armor Level 1  
  101  8:27  SCV  
  102  8:42  Marine x8  
  102  8:44  Supply Depot  
  102  8:45  Marine  
  111  8:49  Siege Tank  
  111  8:52  Orbital Command  
  114  8:57  SCV x2  
  116  9:03  Marine x2  
  116  9:04  Marine  
  116  9:07  Armory, Marine x2  
  116  9:08  Marine  
  122  9:10  Marine  
  122  9:12  Marine  
  125  9:18  SCV  
  125  9:21  Marine x2, Refinery  
  125  9:22  Marine  
  129  9:25  Siege Tank, Marine x2  
  129  9:26  Marine  
  129  9:27  Marine  
  129  9:28  Marine  
  129  9:30  Marine  
  136  9:31  SCV  
  136  9:37  SCV  
  138  9:39  Marine x2  
  138  9:40  SCV  
  138  9:41  Refinery  
  141  9:53  Supply Depot  
  141  9:55  Supply Depot  
  141  9:56  Supply Depot  
  141  10:02  Marine x2  
  141  10:03  Marine  
  141  10:04  Marine x2  
  141  10:05  Marine  
  141  10:06  Medivac  
  141  10:09  Medivac  
  118  10:15  Siege Tank  
  118  10:21  SCV  
  114  10:23  SCV  
  114  10:26  Marine  
  114  10:27  Marine x3  
  119  10:30  SCV  
  119  10:32  Marine  
  119  10:33  Marine  
  122  10:36  Medivac  
  122  10:41  Marine x2  
  123  10:47  Siege Tank  
  123  10:48  Marine x3  
  123  10:49  Medivac  
  123  10:57  Marine  
  123  10:58  Marine x3  
  123  10:59  Marine x2  
  123  11:01  SCV x2  
  128  11:05  Marine x2  
  128  11:06  Marine  
  128  11:07  SCV  
  132  11:14  Marine  
  132  11:16  Marine  
  132  11:17  Marine x2  
  136  11:24  Marine x2  
  136  11:27  Marine x3  
  136  11:32  Marine  
  137  11:34  SCV  
Show
View Real Time Build Order
Export as new Build Order

Kyoto Protoss 

Build Orders: Oracle Opening, Phoenix Opening 

Get SALT Encoding   

  12  0:01  Probe (Chrono Boost)  
  13  0:11  Probe (Chrono Boost)  
  14  0:18  Pylon  
  14  0:22  Probe (Chrono Boost)  
  15  0:36  Probe (Chrono Boost)  
  15  0:40  Gateway  
  16  0:47  Assimilator  
  16  0:52  Assimilator  
  16  0:55  Probe (Chrono Boost)  
  17  1:06  Probe (Chrono Boost)  
  18  1:16  Probe (Chrono Boost)  
  19  1:23  Zealot  
  19  1:27  Cybernetics Core  
  19  1:28  Probe (Chrono Boost)  
  22  1:36  Pylon  
  22  1:46  Probe (Chrono Boost)  
  24  2:06  Warp Gate, Mothership Core (Chrono Boost)  
  27  2:11  Stargate  
  25  2:24  Probe (Chrono Boost)  
  25  2:26  Pylon  
  25  2:29  Pylon  
  26  2:35  Probe (Chrono Boost)  
  26  2:46  Probe (Chrono Boost)  
  26  2:51  Oracle  
  29  2:58  Probe (Chrono Boost)  
  30  3:13  Stargate, Probe (Chrono Boost)  
  30  3:27  Phoenix  
  30  3:50  Phoenix  
  33  3:56  Phoenix  
  33  3:57  Probe (Chrono Boost)  
  32  4:09  Probe (Chrono Boost)  
  33  4:12  Nexus  
  33  4:18  Phoenix  
  33  4:21  Probe (Chrono Boost)  
  36  4:33  Probe (Chrono Boost)  
  37  4:43  Pylon  
  37  4:45  Pylon  
  37  5:01  Phoenix x2  
  37  5:04  Probe (Chrono Boost)  
  42  5:16  Probe (Chrono Boost)  
  42  5:20  Assimilator  
  43  5:25  Assimilator  
  43  5:26  Phoenix  
  43  5:28  Phoenix  
  47  5:42  Probe (Chrono Boost)  
  49  5:43  Probe (Chrono Boost)  
  49  5:52  Probe (Chrono Boost), Pylon  
  49  5:54  Phoenix  
  49  5:55  Probe (Chrono Boost)  
  51  6:03  Probe (Chrono Boost)  
  56  6:16  Phoenix  
  56  6:17  Fleet Beacon  
  56  6:31  Probe (Chrono Boost)  
  56  6:33  Probe (Chrono Boost)  
  56  6:35  Stargate  
  56  6:41  Phoenix  
  56  6:42  Probe (Chrono Boost)  
  60  6:47  Probe (Chrono Boost)  
  60  6:58  Anion Pulse-Crystals  
  60  7:00  Probe (Chrono Boost)  
  61  7:01  Probe (Chrono Boost)  
  62  7:09  Phoenix  
  62  7:14  Nexus  
  64  7:17  Phoenix  
  66  7:26  Probe (Chrono Boost)  
  66  7:27  Probe (Chrono Boost)  
  66  7:28  Phoenix  
  70  7:35  Pylon  
  70  7:50  Phoenix  
  70  7:51  Phoenix  
  70  7:53  Probe (Chrono Boost)  
  70  7:58  Phoenix  
  61  8:10  Probe (Chrono Boost)  
  61  8:11  Probe (Chrono Boost)  
  60  8:15  Phoenix  
  60  8:17  Phoenix  
  53  8:23  Probe (Chrono Boost)  
  53  8:24  Phoenix  
  56  8:27  Probe x2 (Chrono Boost)  
  56  8:31  Assimilator  
  55  8:34  Assimilator  
  55  8:40  Phoenix  
  55  8:41  Probe (Chrono Boost)  
  57  8:42  Probe (Chrono Boost)  
  57  8:46  Phoenix  
  57  8:48  Probe (Chrono Boost)  
  53  8:52  Probe (Chrono Boost)  
  53  8:54  Probe (Chrono Boost)  
  55  9:04  Phoenix  
  55  9:09  Phoenix  
  51  9:11  Probe (Chrono Boost)  
  51  9:12  Probe (Chrono Boost)  
  51  9:16  Probe (Chrono Boost)  
  54  9:22  Phoenix, Probe (Chrono Boost)  
  57  9:27  Probe (Chrono Boost)  
  57  9:28  Probe (Chrono Boost)  
  59  9:32  Probe (Chrono Boost)  
  59  9:38  Probe (Chrono Boost)  
  61  9:40  Phoenix, Probe (Chrono Boost)  
  60  9:47  Phoenix  
  64  9:52  Probe (Chrono Boost)  
  64  9:53  Probe (Chrono Boost)  
  64  9:54  Probe (Chrono Boost)  
  61  10:00  Phoenix  
  61  10:05  Phoenix  
  63  10:11  Phoenix  
  65  10:15  Probe (Chrono Boost)  
  65  10:17  Probe x2 (Chrono Boost)  
  68  10:26  Probe (Chrono Boost)  
  68  10:28  Phoenix x2  
  70  10:29  Probe (Chrono Boost)  
  70  10:34  Phoenix  
  76  10:50  Phoenix  
  76  10:56  Phoenix  
  80  10:57  Pylon  
  80  11:03  Phoenix  
  82  11:11  Phoenix  
  82  11:14  Stargate  
  82  11:17  Phoenix  
Show
View Real Time Build Order
Export as new Build Order

RondaRousey Terran 

Build Orders: MMM Bio 

Get SALT Encoding   

  12  0:00  SCV  
  13  0:12  SCV  
  14  0:18  Supply Depot  
  14  0:24  SCV  
  15  0:30  Refinery  
  15  0:41  Barracks  
  15  0:45  SCV  
  16  0:58  SCV  
  17  1:09  Barracks  
  17  1:16  SCV  
  18  1:28  Barracks Reactor  
  17  1:43  Refinery  
  17  1:48  Orbital Command  
  17  2:01  Barracks Reactor  
  18  2:08  Reaper x2  
  18  2:14  SCV  
  20  2:18  Supply Depot  
  20  2:26  SCV  
  21  2:37  Reaper x2  
  21  2:40  SCV, Reaper  
  25  2:46  Reaper  
  26  2:52  SCV  
  26  3:06  SCV  
  26  3:09  Reaper x2  
  26  3:10  Supply Depot  
  29  3:14  Reaper  
  29  3:18  SCV  
  31  3:32  Reaper  
  32  3:38  SCV  
  32  3:41  Reaper  
  32  3:44  Reaper  
  33  3:49  Command Center  
  33  3:54  Engineering Bay  
  33  3:55  Reaper  
  30  4:13  Reaper x2  
  30  4:15  SCV  
  31  4:25  Barracks  
  31  4:27  SCV, Barracks  
  34  4:39  SCV  
  34  4:43  Supply Depot  
  35  4:48  Marine x4  
  35  4:50  Terran Infantry Weapons Level 1  
  37  4:57  SCV  
  38  5:04  SCV  
  39  5:08  Marine x2  
  39  5:09  SCV, Marine  
  39  5:13  Barracks Tech Lab x2  
  43  5:20  Orbital Command  
  43  5:22  Marine  
  43  5:24  SCV  
  43  5:27  Marine  
  46  5:30  Marine  
  46  5:31  Marine  
  47  5:36  Marine  
  47  5:37  SCV  
  47  5:41  Marine  
  47  5:43  Stimpack  
  47  5:48  Combat Shields  
  47  5:49  SCV  
  48  5:50  Marine  
  48  5:51  SCV  
  49  5:57  Marine x3  
  49  5:58  Marine  
  49  5:59  Marine  
  49  6:02  SCV  
  55  6:08  Supply Depot  
  55  6:11  Marine  
  55  6:12  Factory  
  55  6:16  Marine  
  55  6:17  Marine x2  
  58  6:19  SCV  
  58  6:20  SCV  
  58  6:23  Marine  
  61  6:26  Marine, Supply Depot  
  62  6:34  Marine x2  
  62  6:37  Bunker  
  62  6:38  Marine x2  
  67  6:40  SCV  
  67  6:46  Marine  
  68  6:48  Bunker  
  68  6:49  Supply Depot  
  68  6:52  Terran Infantry Armor Level 1  
  69  6:55  Marine x2  
  69  6:58  SCV  
  69  6:59  Marine  
  69  7:00  Marine  
  74  7:05  Starport  
  74  7:07  Factory Reactor  
  72  7:08  Marine x2  
  72  7:13  Marine x2  
  76  7:17  Marine  
  76  7:18  Marine  
  76  7:19  SCV  
  76  7:22  Supply Depot  
  80  7:26  Marine x2  
  82  7:31  Marine, Engineering Bay  
  82  7:32  Armory  
  82  7:33  SCV  
  83  7:39  Marine  
  83  7:40  Marine, Refinery  
  83  7:41  Refinery  
  86  7:50  SCV  
  89  7:51  Supply Depot  
  89  7:53  Factory Reactor, Medivac x2  
  89  7:54  Marine  
  89  7:55  Marine  
  92  8:00  SCV  
  92  8:01  Marine x2  
  94  8:13  SCV x2, Marine  
  94  8:14  Marine x2, Supply Depot  
  100  8:21  Marine  
  102  8:30  SCV  
  102  8:31  Supply Depot  
  102  8:32  Supply Depot  
  102  8:35  Widow Mine x2  
  102  8:36  SCV, Medivac x2  
  102  8:37  Terran Infantry Weapons Level 2  
  110  8:53  SCV, Marine x6  
  116  9:04  Widow Mine  
  118  9:11  Supply Depot  
  118  9:12  Medivac, Marine, Supply Depot, Widow Mine  
  126  9:17  Marine, Supply Depot  
  125  9:25  Command Center  
  125  9:28  Terran Infantry Armor Level 2, Medivac  
  126  9:35  Marine x2  
  126  9:37  SCV  
  129  9:39  Marine  
  129  9:42  Medivac  
  132  9:47  Marine x2  
  132  9:50  SCV  
  135  9:53  Marine x2  
  137  10:02  Marine x2  
  137  10:05  Marine x2  
  139  10:11  Marine x2  
  139  10:12  Medivac x2  
  111  10:17  Widow Mine x2  
  111  10:20  Marine x2  
  99  10:23  Marine x2  
  100  10:29  Marine x2  
  100  10:38  Marine x2  
  100  10:41  Marine x2  
  103  10:47  Marine x2  
  89  10:56  Marine x2  
  88  10:58  Marine  
  88  10:59  Marine  
  75  11:04  Marine x2  
  75  11:10  Medivac  
  75  11:11  Medivac  
  80  11:12  Widow Mine  
  80  11:13  Marine, Widow Mine  
  80  11:14  Marine  
  80  11:16  Marine x2  
  86  11:22  Marine x2  
  88  11:31  Marine x2  
Show
View Real Time Build Order
Export as new Build Order

KingKong Protoss - Winner!

Build Orders: Phoenix Opening 

Get SALT Encoding   

  12  0:00  Probe (Chrono Boost)  
  13  0:11  Probe (Chrono Boost)  
  14  0:19  Pylon  
  14  0:22  Probe (Chrono Boost)  
  15  0:37  Probe (Chrono Boost)  
  15  0:39  Forge  
  16  0:47  Probe (Chrono Boost)  
  17  0:52  Pylon  
  17  0:59  Probe (Chrono Boost)  
  18  1:12  Probe (Chrono Boost)  
  18  1:17  Gateway  
  19  1:23  Assimilator  
  19  1:24  Assimilator  
  19  1:28  Probe (Chrono Boost)  
  19  1:38  Probe (Chrono Boost)  
  20  1:50  Probe (Chrono Boost)  
  21  2:01  Probe (Chrono Boost)  
  22  2:04  Cybernetics Core  
  22  2:09  Pylon  
  22  2:11  Probe (Chrono Boost)  
  22  2:13  Pylon  
  23  2:22  Probe (Chrono Boost)  
  24  2:31  Pylon  
  25  2:42  Mothership Core (Chrono Boost)  
  26  2:45  Stargate  
  26  2:51  Adept  
  28  3:03  Pylon  
  28  3:08  Pylon  
  28  3:19  Probe (Chrono Boost)  
  28  3:26  Phoenix  
  27  3:31  Probe (Chrono Boost)  
  29  3:43  Probe (Chrono Boost)  
  30  3:48  Adept  
  30  3:50  Phoenix  
  30  3:54  Probe (Chrono Boost)  
  23  4:05  Probe (Chrono Boost)  
  22  4:15  Probe (Chrono Boost)  
  21  4:25  Phoenix  
  21  4:26  Probe (Chrono Boost)  
  24  4:38  Probe (Chrono Boost)  
  25  4:42  Stargate  
  25  4:46  Phoenix  
  25  4:50  Probe (Chrono Boost)  
  28  5:02  Probe (Chrono Boost)  
  27  5:09  Phoenix  
  29  5:14  Probe (Chrono Boost)  
  29  5:24  Phoenix  
  29  5:26  Probe (Chrono Boost)  
  29  5:28  Fleet Beacon  
  30  5:33  Phoenix  
  32  5:45  Probe (Chrono Boost)  
  33  5:54  Phoenix  
  33  6:01  Probe (Chrono Boost)  
  36  6:10  Anion Pulse-Crystals  
  34  6:13  Probe (Chrono Boost)  
  34  6:17  Phoenix  
  37  6:19  Phoenix  
  40  6:25  Probe (Chrono Boost)  
  40  6:38  Probe (Chrono Boost)  
  41  6:41  Pylon  
  41  6:46  Phoenix  
  43  6:47  Phoenix  
  47  7:18  Nexus  
  45  7:23  Phoenix  
  48  7:31  Probe (Chrono Boost)  
  48  7:33  Phoenix  
  50  7:49  Phoenix  
  50  7:58  Phoenix  
  53  8:00  Probe (Chrono Boost)  
  53  8:12  Phoenix  
  49  8:20  Phoenix  
  49  8:25  Probe (Chrono Boost)  
  49  8:26  Stargate  
  50  8:37  Phoenix  
  46  8:42  Phoenix  
  48  8:55  Probe (Chrono Boost)  
  48  8:57  Probe (Chrono Boost)  
  48  9:02  Phoenix  
  48  9:04  Phoenix  
  48  9:06  Probe (Chrono Boost)  
  45  9:13  Phoenix  
  45  9:14  Stargate  
  45  9:16  Probe x2 (Chrono Boost)  
  49  9:24  Phoenix  
  49  9:27  Probe (Chrono Boost)  
  49  9:28  Phoenix, Probe (Chrono Boost)  
  55  9:36  Assimilator  
  55  9:37  Probe (Chrono Boost)  
  55  9:38  Phoenix  
  58  9:41  Probe (Chrono Boost)  
  59  9:46  Phoenix  
  59  9:48  Probe (Chrono Boost)  
  59  9:52  Assimilator  
  61  9:53  Phoenix, Probe (Chrono Boost)  
  61  10:04  Phoenix  
  61  10:16  Phoenix  
  63  10:31  Phoenix  
  63  10:33  Probe (Chrono Boost)  
  63  10:35  Probe (Chrono Boost)  
  61  10:43  Phoenix  
  61  10:44  Probe (Chrono Boost)  
  61  10:47  Probe (Chrono Boost)  
  65  10:56  Phoenix, Nexus  
  67  11:04  Phoenix  
  67  11:07  Probe (Chrono Boost)  
  67  11:08  Pylon x2  
  70  11:21  Pylon  
  70  11:22  Phoenix  
  70  11:25  Probe (Chrono Boost)  
Tags
 
Add a new tag
Caveats
  • Supply blocks, unpowered buildings, or Contaminate may cause inaccurate times.
  • Supply counts are checked every 10 seconds.